 Dungeon Crawl Stone Soup version 0.30-a0-622-gddc90eaa04 (webtiles) character file.

Game seed: 1415639038784605315

247 funkygono the Firebug (level 6, 0/32 HPs)
             Began as a Gargoyle Fire Elementalist on Jan 10, 2023.
             Slain by a quasit (2 damage)
             ... summoned by Eustachio
             ... on level 4 of the Dungeon.
             The game lasted 00:05:51 (3741 turns).

funkygono the Firebug (Gargoyle Fire Elementalist)  Turns: 3741, Time: 00:05:52

Health: 0/32       AC:  6    Str: 12    XL:     6   Next: 11%
Magic:  3/11       EV: 12    Int: 17    God:
Gold:   53         SH:  0    Dex: 10    Spells: 6/12 levels left

rFire   . . .      SeeInvis .    b - +2 flail (holy)
rCold   . . .      Faith    .    (no shield)
rNeg    + . .      Spirit   .    a - +0 robe
rPois   ∞          Reflect  .    (no helmet)
rElec   +          Harm     .    (no cloak)
rCorr   .          Rampage  .    (no gloves)
Will    +....                    (no boots)
Stlth   ++                       (no amulet)
HPRegen 0.25/turn                n - ring of willpower
MPRegen 0.12/turn                (no ring)

@: no status effects
A: sickness immunity, AC +4, negative energy resistance 1, electricity
resistance, torment resistance 1, petrification resistance
a: no special abilities


You were on level 4 of the Dungeon.
You visited 1 branch of the dungeon, and saw 4 of its levels.

You collected 157 gold pieces.
You spent 104 gold pieces at shops.

Inventory:

Hand Weapons
 b - a +2 flail of holy wrath (weapon)
 h - a +0 whip of draining
Armour
 a - a +0 robe (worn)
Jewellery
 n - a ring of willpower (left hand)
Scrolls
 d - 6 scrolls of identify {unknown}
 i - 2 scrolls of teleportation {unknown}
 j - 2 scrolls of magic mapping {unknown}
 k - a scroll of acquirement {unknown}
 l - a scroll of enchant weapon {unknown}
 m - a scroll of poison {unknown}
 r - a scroll of noise {unknown}
 s - a scroll of fear {unknown}
Potions
 c - 4 potions of curing
 e - 2 potions of attraction {unknown}
 f - 2 potions of haste {unknown}
 g - 2 potions of lignification {unknown}
 o - a potion of cancellation {unknown}
 p - a potion of might {unknown}
 q - a potion of heal wounds


   Skills:
 + Level 0.5 Maces & Flails
 + Level 1.9 Dodging
 - Level 2.1 Stealth
 + Level 3.9 Spellcasting
 + Level 2.5 Conjurations
 + Level 4.6 Fire Magic


You had 6 spell levels left.
You knew the following spells:

 Your Spells              Type           Power      Damage    Failure   Level
a - Foxfire               Conj/Fire      60%        2x1d7     3%          1
b - Scorch                Fire           38%        2d6       3%          2
c - Kindle Blastsparks    Fire/Tloc/Air  16%        2d11      26%         3

Your spell library contained the following spells:

 Spells                   Type           Power      Damage    Failure   Level
 Inner Flame              Hex/Fire       11%        N/A       19%         3
 Hailstorm                Conj/Ice       7%         3d4       28%         3
 Flame Wave               Conj/Fire      15%        2d7       34%         4
 Ice Form                 Ice/Tmut       3%         N/A       85%         4
 Simulacrum               Ice/Necr       1%         N/A       100%        6
 Summon Cactus Giant      Summ           1%         N/A       100%        6


Dungeon Overview and Level Annotations

Branches:
Dungeon (4/15)
 Temple: D:4-7

Altars:

Shops:
D:3 !

Annotations:
D:3 3 runed translucent doors, initializr's ghost, amateur OgVM
D:4 Eustachio


Innate Abilities, Weirdness & Mutations

You are immune to sickness and miasma.
Your stone body is resilient. (AC +4)
You are immune to poison.
You resist negative energy. (rN+)
You are resistant to electric shocks. (rElec)
You are resistant to unholy torment.
You are immune to petrification.


Message History

You hear an angry growl.
You hear a shout!
The quasit attacks as you move away! The quasit closely misses you.
The quasit misses you. The quasit barely misses you.
An adder comes into view.
The quokka disappears in a puff of smoke!
The river rat disappears in a puff of smoke!
The quasit attacks as you move away!
The quasit bites you but does no damage.
The quasit claws you but does no damage.
The quasit barely misses you.
A black bear comes into view.
The quasit bites you but does no damage.
The quasit closely misses you. The quasit barely misses you.
The river rat bites you. The quasit attacks as you move away!
The quasit closely misses you. The quasit misses you.
The quasit claws you but does no damage.
The river rat attacks as you move away! The river rat bites you!
The adder closely misses you. The river rat attacks as you move away!
The river rat closely misses you. The adder bites you.
* * * LOW HITPOINT WARNING * * *
An orc comes into view. It is wielding a +0 mace.
The quasit bites you but does no damage.
The quasit barely misses you. The quasit closely misses you.
The adder closely misses you.
A jelly comes into view.
The black bear bites you.
* * * LOW HITPOINT WARNING * * *
The black bear claws you but does no damage. x2
The quasit bites you but does no damage.
The quasit misses you.
The quasit claws you but does no damage.
You hit Eustachio.
Eustachio is almost dead.
The adder bites you.
* * * LOW HITPOINT WARNING * * *
The quasit bites you but does no damage.
The quasit claws you.
You die...

..#...... ........
........ ........
#....... #... ... ..
##h# ....
....###@r##....
......@5Sh....J..
......#rr.##.....
....###....##... ....
#.....#.#
.....##o5#....# .#.....
........5#...## .#......
......#.....####........
.....###....#.........#


You could see Eustachio, a black bear, a howler monkey, a jelly, an iron imp
(summoned), a quasit (summoned), an adder, a river rat (summoned), a white imp
(summoned), an orc, a quokka (summoned) and a rat (summoned).

Vanquished Creatures
  A water moccasin (D:3)
  Terence (D:2)
  4 adders
  A worm (D:1)
  3 ball pythons
  8 bats
  7 endoplasms
  3 giant cockroaches
  7 goblins
  12 hobgoblins
  2 jackals (D:4)
  7 quokkas
  A frilled lizard (D:2)
  7 kobolds
  7 rats
71 creatures vanquished.

Vanquished Creatures (others)
  196 foxfires
196 creatures vanquished.

Grand Total: 267 creatures vanquished

Notes
Turn   | Place    | Note
-------+----------+-------------------------------------------
     0 | D:1      | funkygono the Gargoyle Fire Elementalist began the quest
                  | for the Orb.
     0 | D:1      | Reached XP level 1. HP: 10/10 MP: 3/3
   258 | D:1      | You fall into a shaft and drop 1 floor!
   277 | D:2      | Noticed Terence
   279 | D:2      | Reached XP level 2. HP: 15/15 MP: 0/5
   432 | D:1      | Learned a level 2 spell: Scorch
   807 | D:1      | Reached XP level 3. HP: 19/19 MP: 0/6
  1694 | D:2      | Learned a level 3 spell: Kindle Blastsparks
  1805 | D:2      | Killed Terence
  1806 | D:2      | Reached XP level 4. HP: 6/24 MP: 0/8
  2152 | D:2      | Found a faded altar of an unknown god.
  2700 | D:3      | Reached skill level 4 in Fire Magic
  3028 | D:3      | Reached XP level 5. HP: 28/28 MP: 3/9
  3209 | D:3      | Found Haateg's Distillery.
  3214 | D:3      | Bought a potion of heal wounds for 65 gold pieces
  3214 | D:3      | Bought a potion of curing for 39 gold pieces
  3224 | D:3      | Noticed a water moccasin
  3231 | D:3      | Killed a water moccasin
  3232 | D:3      | Reached XP level 6. HP: 32/32 MP: 4/11
  3283 | D:3      | Found a runed translucent gate.
  3289 | D:3      | Found a runed translucent gate.
  3291 | D:3      | Found a runed translucent gate.
  3293 | D:3      | Noticed initializr's ghost (amateur OgVM)
  3722 | D:4      | Noticed Eustachio
  3736 | D:4      | Noticed a black bear
  3741 | D:4      | Slain by a quasit

Illustrated notes

Levels and vault maps discovered:
D:1:      lightli_arrival_farm, layout_loops_ring, minmay_heptomino_w4
D:2:      layout_loops_ring, nicolae_ecumenical_oubliette, uniq_terence
D:3:      layout_loops_cross, gammafunk_ghost_necromancy, serial_shops,
          nicolae_shop_hallway_plus, grunt_decor_resistance,
          chequers_mini_garden, nicolae_figureground_sparkle
D:4:      layout_cave_pools, mainiacjoe_overflow_six_doors_small,
          lemuel_crystal_altar, uniq_eustachio

Skill      XL: |  1  2  3  4 |
---------------+-------------+-----
Conjurations   | 2 |  2.5
Fire Magic     | 4 |  4.6
Spellcasting   | 3 |  3.9
Maces & Flails | |  0.5
Dodging        | |  1.9
Stealth        | |  2.1

Action                   |  1- 3 |  4- 6 || total
-------------------------+-------+-------++-------
Melee: Club              |     6 |       ||     6
       Whip              |    21 |       ||    21
       Flail             |       |    11 ||    11
 Cast: Foxfire           |    70 |    54 ||   124
       Scorch            |     7 |    10 ||    17
  Use: Potion            |     1 |       ||     1
Armor: Robe              |    13 |    17 ||    30
Dodge: Dodged            |    40 |    30 ||    70

Table legend: (Time is in decaauts)
 A = Elapsed time spent in this place.
 B = Non-inter-level travel time spent in this place.
 C = Inter-level travel time spent in this place.
 D = Time resting spent in this place.
 E = Time spent auto-exploring this place.
 F = Levels seen in this place.
 G = Mean time per level.
                   A        B        C        D        E       F      G
               +--------+--------+--------+--------+--------+-----+--------+
         Total |   3773 |   3706 |     67 |    128 |   3001 |   4 |  943.2 |
       Dungeon |   3773 |   3706 |     67 |    128 |   3001 |   4 |  943.2 |
               +--------+--------+--------+--------+--------+-----+--------+

Top non-repeatable levels by time:
     D:1: 1608 daAuts
     D:3: 1079 daAuts
     D:2: 1013 daAuts
     D:4: 72 daAuts
